 Dungeon Crawl Stone Soup version 0.27-a0-590-g94244163b4 (webtiles) character file.

Game seed: 71564161411227267

6 kae the Ruffian (level 1, 0/18 HPs)
             Began as a Naga Transmuter on Mar 10, 2021.
             Slain by a hobgoblin (2 damage)
             ... on level 1 of the Dungeon.
             The game lasted 00:00:17 (228 turns).

kae the Ruffian (Naga Transmuter)                    Turns: 228, Time: 00:00:17

Health: 0/18       AC:  1    Str: 12    XL:     1   Next: 90%
Magic:  3/3        EV:  9    Int: 13    God:
Gold:   27         SH:  0    Dex: 11    Spells: 3/4 levels left

rFire    . . .     SeeInvis +     - Unarmed
rCold    . . .     Faith    .   (no shield)
rNeg     . . .     Spirit   .   a - +0 robe
rPois    +         Reflect  .   (no helmet)
rElec    .         Harm     .   (no cloak)
rCorr    .         Rampage  .   (no gloves)
Will     .....                  (no barding)
Stlth    +.........             (no amulet)
HPRegen  0.06/turn              (no ring)
MPRegen  0.08/turn              (no ring)

@: short of breath, very slow
A: large, see invisible, deformed body, poison resistance, slowness 2, spit
poison 1, naga tail 1, AC +0
a: Spit Poison


You were on level 1 of the Dungeon.
You visited 1 branch of the dungeon, and saw 1 of its levels.

You collected 27 gold pieces.

Inventory:

Armour
 a - a +0 robe (worn)


   Skills:
 + Level 1.1 Fighting
 + Level 1.6 Dodging
 * Level 3.1 Unarmed Combat
 + Level 2.0 Spellcasting
 * Level 2.2 Transmutations


You had 3 spell levels left.
You knew the following spells:

 Your Spells              Type           Power      Damage    Failure   Level
a - Beastly Appendage     Tmut           14%        N/A       11%         1

Your spell library contained the following spells:

 Spells                   Type           Power      Damage    Failure   Level
 Wereblood                Tmut           7%         N/A       16%         2
 Spider Form              Tmut/Pois      2%         N/A       43%         3
 Ice Form                 Ice/Tmut       4%         N/A       85%         4
 Blade Hands              Tmut           3%         N/A       96%         5


Dungeon Overview and Level Annotations

Branches:
Dungeon (1/15)

Altars:


Innate Abilities, Weirdness & Mutations

Your serpentine skin is tough. (AC +0)
You have supernaturally acute eyesight. (SInv)
Armour fits poorly on your strangely shaped body.
Your system is resistant to poisons. (rPois)
You cover ground very slowly.
You can spit poison.
You have a snake-like lower body.


Message History

You can't do that yet.
You hit the kobold but do no damage. The kobold hits you.
* * * LOW HITPOINT WARNING * * *
You miss the kobold.
You have got your breath back.
The kobold barely misses you.
Abil: Spit Poison
Press: ? - help, Q - select action, (/) - cycle Shift-Dir - straight line, f/p - kobold
Aim: a kobold The splash of poison hits the kobold but does no damage.
The kobold is poisoned.
Your horns disappear.
The hobgoblin hits you.
* * * LOW HITPOINT WARNING * * *
The kobold barely misses you.
You aren't carrying any potions.
The hobgoblin barely misses you.
You aren't carrying any scrolls.
You barely miss the dart slug. The kobold completely misses you.
The hobgoblin barely misses you.
You hit the hobgoblin but do no damage.
You have got your breath back.
The kobold closely misses you.
The dart slug bites you but does no damage.
You hit the kobold.
You kill the kobold!
The hobgoblin barely misses you.
You hit the hobgoblin but do no damage. The hobgoblin barely misses you.
The dart slug closely misses you.
You closely miss the hobgoblin. The hobgoblin closely misses you.
The dart slug closely misses you.
Abil: Spit Poison
Press: ? - help, Q - select action, (/) - cycle Shift-Dir - straight line, f - hobgoblin
Aim: a hobgoblin The splash of poison misses the hobgoblin.
The hobgoblin barely misses you.
You barely miss the hobgoblin. The hobgoblin barely misses you.
The dart slug closely misses you.
You closely miss the hobgoblin. The hobgoblin hits you.
You die...

#......# .......
####...#..# .......
#.........# #.# .......
#.###..#.... #.# ..$....
#.# #..#.###.#.# .......
#.# #..... #.# .......
#.####.#.#. #.####.......
.......#.#.#.#...†........
.#######.# #.#..@g..(.....
...^..##.. . #...w........
..###.##.#.# #.##.........
#.# #.##.#. #)##.........
#.## .... #.##.........
#..# #.#####'############
##.## #..................#
#..# #.###.........[....#
##.# #.# #..............#


You could see a dart slug and a hobgoblin.

Vanquished Creatures
  A goblin (D:1)
  2 hobgoblins (D:1)
  2 kobolds (D:1)
  A rat (D:1)
6 creatures vanquished.

Notes
Turn   | Place    | Note
-------+----------+-------------------------------------------
     0 | D:1      | kae the Naga Transmuter began the quest for the Orb.
     0 | D:1      | Reached XP level 1. HP: 18/18 MP: 3/3
   228 | D:1      | Slain by a hobgoblin

Illustrated notes

Levels and vault maps discovered:
D:1:      dpeg_arrival_court, layout_basic

Action                   || total
-------------------------++-------
Melee: Unarmed           ||    14
 Cast: Beastly Appendage ||     4
 Abil: Spit Poison       ||     7
Armor: Robe              ||     1
Dodge: Dodged            ||    20

Table legend: (Time is in decaauts)
 A = Elapsed time spent in this place.
 B = Non-inter-level travel time spent in this place.
 C = Inter-level travel time spent in this place.
 D = Time resting spent in this place.
 E = Time spent auto-exploring this place.
 F = Levels seen in this place.
 G = Mean time per level.
                   A        B        C        D        E       F      G
               +--------+--------+--------+--------+--------+-----+--------+
         Total |    278 |    278 |      0 |      0 |    230 |   1 |  278.0 |
       Dungeon |    278 |    278 |      0 |      0 |    230 |   1 |  278.0 |
               +--------+--------+--------+--------+--------+-----+--------+

Top non-repeatable levels by time:
     D:1: 278 daAuts
